 Dungeon Crawl Stone Soup version 0.26.1-2-gb8aa6d0cf2 (webtiles) character file.

Game seed: 15509974423235131497

58 harryhousin the Shield-Bearer (level 3, 0/33 HPs)
             Began as a Minotaur Fighter on Mar 21, 2021.
             Killed from afar by an orc wizard (7 damage)
             ... with a puff of frost
             ... on level 3 of the Dungeon.
             The game lasted 00:02:22 (1633 turns).

harryhousin the Shield-Bearer (Minotaur Fighter)    Turns: 1633, Time: 00:02:22

Health: 0/33       AC:  7    Str: 21    XL:     3   Next: 76%
Magic:  11/11      EV:  7    Int:  5    God:
Gold:   106        SH:  9    Dex:  9    Spells: 2/2 levels left

rFire    . . .     SeeInvis .   a - +0 flail
rCold    . . .     Faith    .   c - +0 kite shield
rNeg     . . .     Spirit   .   b - +0 scale mail
rPois    .         Reflect  .   (helmet restricted)
rElec    .         Harm     .   (no cloak)
rCorr    .         Rampage  .   (no gloves)
Will     .....                  (no boots)
Stlth    ..........             (no amulet)
HPRegen  0.11/turn              i - ring of magical power
MPRegen  0.12/turn              (no ring)

@: no status effects
A: retaliatory headbutt, horns 2
a: no special abilities


You were on level 3 of the Dungeon.
You visited 1 branch of the dungeon, and saw 3 of its levels.

You collected 106 gold pieces.

Inventory:

Hand Weapons
 a - a +0 flail (weapon)
Armour
 b - a +0 scale mail (worn)
 c - a +0 kite shield (worn)
Jewellery
 i - a ring of magical power (left hand)
Scrolls
 e - a scroll of amnesia {unknown}
 g - a scroll of magic mapping {unknown}
 h - 2 scrolls of identify {unknown}
 j - a scroll of enchant weapon {unknown}
 k - 2 scrolls of remove curse {unknown}
 l - 3 scrolls of teleportation {unknown}
 o - a scroll of random uselessness {unknown}
 q - a scroll of blinking {unknown}
Potions
 d - a potion of might
 f - 2 potions of cancellation {unknown}
 m - a potion of berserk rage {unknown}
 n - a potion of haste {unknown}
 p - a potion of brilliance {unknown}


   Skills:
 + Level 4.0 Fighting
 + Level 3.2 Maces & Flails
 + Level 4.3 Armour
 + Level 0.3 Dodging
 + Level 4.4 Shields


You had 2 spell levels left.
You didn't know any spells.
Your spell library was empty.

Dungeon Overview and Level Annotations

Branches:
Dungeon (3/15)

Altars:


Innate Abilities, Weirdness & Mutations

You reflexively headbutt those who attack you in melee.
You have a pair of horns on your head.


Message History

You closely miss something. You barely miss the adder.
Your headbutt misses the adder. The adder bites you but does no damage.
You block something's attack. The adder bites you.
You hit something. You block the adder's attack. The adder barely misses you.
Your shield prevents you from hitting something.
The orc hits you but does no damage. You block the adder's attack.
You hear some strange, mumbled words.
The orc hits you with a +0 hand axe.
* * * LOW HITPOINT WARNING * * *
You block the adder's attack. Something hits you but does no damage.
You hit something. Your headbutt misses something.
You hear some strange, mumbled words.
A puff of flame appears from out of thin air!
The puff of flame hits you but does no damage.
The adder bites you but does no damage. The orc hits you but does no damage.
You hear some strange, mumbled words.
A puff of frost appears from out of thin air!
The puff of frost hits you!
You die...

#.# #.# .# #.# .#
#.########## .#####.
#####........... .......
..............####.#.....
##........###.#..........
..........###.#.##.......
..........'....{@So......
##........###.##o#.......
+........+..............
#........########.......
#........' .......
#........## #......
#......... ......
#......... ..####
####+####..


You could see an adder and 2 orcs.

Vanquished Creatures
  2 adders (D:2)
  4 leopard geckos
  7 orcs (D:3)
  2 ball pythons (D:1)
  2 giant cockroaches
  3 goblins (D:2)
  2 kobolds
  4 bats
  3 rats (D:2)
29 creatures vanquished.

Notes
Turn   | Place    | Note
-------+----------+-------------------------------------------
     0 | D:1      | harryhousin the Minotaur Fighter began the quest for the
                  | Orb.
     0 | D:1      | Reached XP level 1. HP: 19/19 MP: 0/0
   240 | D:1      | Reached XP level 2. HP: 26/27 MP: 1/1
   807 | D:2      | Reached XP level 3. HP: 19/33 MP: 2/2
  1633 | D:3      | Killed from afar by an orc wizard

Illustrated notes

Levels and vault maps discovered:
D:1:      lightli_arrival_maybe_door_vault, layout_basic
D:2:      layout_loops_cross
D:3:      kennysheep_the_goblin_king, layout_basic

Skill      XL: |  1  2  3 |
---------------+----------+-----
Armour         | 4 |  4.3
Shields        | 4 |  4.4
Maces & Flails | 3 |  3.2
Fighting       | 4 |  4.0
Dodging        | |  0.3

Action                   || total
-------------------------++-------
Melee: Flail             ||    89
       Headbutt          ||    14
Armor: Scale mail        ||    38
Dodge: Dodged            ||    23
Block: Kite shield       ||    48
